[Event "Titled Tuesday Blitz May 31 Early 2022"]
[White "Guseinov, Gadir"]
[Black "Nakamura, Hikaru"]
[WhiteFideId "13401378"]
[BlackFideId "2016192"]
[WhiteElo "2581"]
[BlackElo "2850"]
[Result "0-1"]
[Round "04"]
[TimeControl "180+1"]
[Date "2022.05.31"]
[WhiteClock "0:00:02"]
[BlackClock "0:00:21"]

1. e4 c5 2. Nc3 e6 3. Nf3 a6 4. d4 cxd4 5. Nxd4 Qc7 6. Bd3 Nf6 7. O-O Nc6 8. Nxc6 dxc6 9. f4 e5 10. Kh1 Bd6 11. f5 b5 12. a4 Rb8 13. axb5 axb5 14. Be3 Qe7 15. Qf3 Bc5 16. Nd1 O-O 17. Bg5 Qc7 18. Ne3 Be7 19. Qh3 Ne8 20. Bxe7 Qxe7 21. Ng4 f6 22. Rf3 Nd6 23. Qh4 Nf7 24. Rg3 Kh8 25. Qh5 Bd7 26. Nf2 Ra8 27. Rf1 c5 28. b3 Bc6 29. Qg4 Nh6 30. Qe2 Ra5 31. Ng4 Nxg4 32. Rxg4 Rfa8 33. Rh4 Ra1 34. h3 Qb7 35. Kh2 Rxf1 36. Qxf1 Rd8 37. Qe2 Be8 38. Qe3 Qc7 39. Rg4 c4 40. bxc4 bxc4 41. Be2 Bf7 42. c3 Rd7 43. Rg3 Qa7 44. Qxa7 Rxa7 45. Re3 Ra2 46. Kg3 g6 47. fxg6 hxg6 48. Kf2 Kg7 49. g4 Be6 50. Rf3 Ra1 51. Rg3 Kh6 52. h4 Rh1 53. g5+ Kg7 54. gxf6+ Kxf6 55. Rf3+ Kg7 56. Kg3 Rh3+ 57. Kf2 Rxh4 58. Rg3 Rxe4 0-1


[Site "https://www.chess.com"]

[Event "Titled Tuesday Blitz May 31 Early 2022"]
[White "Hasangatin, Ramil"]
[Black "Lazavik, Denis"]
[WhiteFideId "4122160"]
[BlackFideId "13515110"]
[WhiteElo "2399"]
[BlackElo "2437"]
[Result "1-0"]
[Round "04"]
[TimeControl "180+1"]
[Date "2022.05.31"]
[WhiteClock "0:00:11"]
[BlackClock "0:00:08"]

1. e4 e5 2. Nf3 Nc6 3. Bb5 a6 4. Ba4 Nf6 5. Bxc6 dxc6 6. d3 Bd6 7. Bg5 h6 8. Bh4 Qe7 9. Nbd2 g5 10. Bg3 Nd7 11. Nc4 f6 12. h4 g4 13. Nfd2 h5 14. Ne3 Nc5 15. Ndc4 Be6 16. Qe2 O-O-O 17. f3 Rhg8 18. Bf2 Nd7 19. O-O-O Bc5 20. Kb1 Nb6 21. Nxb6+ Bxb6 22. fxg4 Bxg4 23. Nxg4 Rxg4 24. Bxb6 cxb6 25. Rdf1 Rdg8 26. Qf2 Rxg2 27. Qxb6 Kb8 28. a4 R8g6 29. Rf5 Rh6 30. Rhf1 Rg4 31. Qf2 Kc7 32. Rxf6 Rxf6 33. Qxf6 Qxf6 34. Rxf6 Rxh4 35. Rf7+ Kb6 36. a5+ Kc5 37. Rxb7 Rh1+ 38. Ka2 h4 39. c3 h3 40. Rh7 h2 41. Rh5 Kd6 42. Kb3 Rd1 43. Rxh2 Rxd3 44. Kc4 Re3 45. Rh6+ Kd7 46. Kc5 Rxe4 47. Rd6+ Ke7 48. Rxc6 Re2 49. b4 Rc2 50. c4 e4 51. Kd4 Kd7 52. Rxa6 e3 53. Kxe3 Rxc4 54. Rb6 Kc7 55. Kd3 Rh4 56. Kc3 Rg4 57. Kb3 Rh4 58. Ka4 Rh5 59. Rf6 Kb7 60. Rf7+ Kb8 61. a6 Rh6 62. b5 Ka8 63. Ka5 Rg6 64. Rd7 Rg8 65. b6 Rg5+ 66. Kb4 Rg4+ 67. Kc5 Rg5+ 68. Kd6 Rg8 69. Re7 Rd8+ 70. Kc7 Rc8+ 71. Kd7 Rb8 72. Re8 Rxe8 73. Kxe8 Kb8 74. Kd7 Ka8 75. Kc6 Kb8 76. Kb5 Ka8 77. Kc5 Kb8 78. Kd5 Ka8 79. b7+ Kb8 80. Kd6 Ka7 81. Kc7 1-0


[Site "https://www.chess.com"]

[Event "Titled Tuesday Blitz May 31 Early 2022"]
[White "Hua, Lefong"]
[Black "Sargissyan, Sargis"]
[WhiteFideId "2602253"]
[BlackFideId "13303210"]
[WhiteElo "2639"]
[BlackElo "2174"]
[Result "1-0"]
[Round "04"]
[TimeControl "180+1"]
[Date "2022.06.01"]
[WhiteClock "0:00:15"]
[BlackClock "0:00:01"]

1. d4 Nf6 2. c4 g6 3. Nc3 d5 4. cxd5 Nxd5 5. e4 Nxc3 6. bxc3 Bg7 7. Nf3 c5 8. Rb1 O-O 9. Be2 cxd4 10. cxd4 Nc6 11. d5 Na5 12. O-O Bg4 13. Bg5 Rc8 14. h3 Bxf3 15. Bxf3 b6 16. Be2 h6 17. Bh4 Nc4 18. Rb4 Nd6 19. Ba6 Rc5 20. Qe2 Ra5 21. Rd1 Qc7 22. Bg3 Qc5 23. Rb3 b5 24. Bxd6 exd6 25. Rxb5 Rxb5 26. Bxb5 Rb8 27. a4 Bd4 28. Rf1 a6 29. Bxa6 Rb2 30. Qf3 Qa5 31. Bb5 Qd2 32. g3 Rc2 33. Kg2 Rc3 34. Qe2 Qg5 35. h4 Qd8 36. Rd1 Bc5 37. Rd3 Rc1 38. Qf3 Qa5 39. Rd1 Rc3 40. Qe2 Qb4 41. h5 Kg7 42. hxg6 fxg6 43. Bd7 Qb3 44. Rf1 Qc4 45. Qxc4 Rxc4 46. Re1 Rc2 47. Rf1 Ra2 48. Kf3 Kf6 49. Bb5 Ke5 50. Be8 g5 51. Bb5 Ra3+ 52. Kg2 Kxe4 53. Bc6 Ke5 54. Re1+ Kf5 55. Re8 Ra2 56. Rf8+ Kg6 57. Be8+ Kg7 58. Rf5 Rc2 59. g4 Ra2 60. Rf7+ Kg8 61. Rf6 Kg7 62. Rf5 Kg8 63. Bb5 Kg7 64. Kg3 Ra3+ 65. f3 Ra2 66. Bc6 Bd4 67. f4 gxf4+ 68. Kxf4 Ra3 69. Ke4 Bc5 70. Rf1 Re3+ 71. Kf5 Re5+ 72. Kf4 Be3+ 73. Kf3 Bc5 74. Rb1 Re3+ 75. Kf4 Re1 76. Rb8 Rf1+ 77. Kg3 Re1 78. Rb7+ Kf6 79. a5 Ra1 80. Rb5 Ra3+ 81. Kg2 Kg5 82. Bd7 Kf4 83. Bc8 Ra2+ 84. Kf1 Kf3 85. Ke1 Ra1+ 86. Kd2 1-0


[Site "https://www.chess.com"]

[Event "Titled Tuesday Blitz May 31 Early 2022"]
[White "Ider, Borya"]
[Black "Stepanencu, Nicodim-Cosmin"]
[WhiteFideId "4901134"]
[BlackFideId "1256220"]
[WhiteElo "2512"]
[BlackElo "1945"]
[Result "1/2-1/2"]
[Round "04"]
[TimeControl "180+1"]
[Date "2022.06.01"]
[WhiteClock "0:00:41"]
[BlackClock "0:00:34"]

1. Nf3 Nf6 2. g3 b5 3. Bg2 Bb7 4. O-O e6 5. d4 d5 6. a4 b4 7. Nbd2 c5 8. c3 a5 9. Qc2 Nbd7 10. Re1 cxd4 11. cxd4 Rc8 12. Qd3 Qb6 13. Nb3 Ne4 14. Qb5 Ra8 15. Ne5 Qxb5 16. axb5 a4 17. Nxd7 Kxd7 18. Bxe4 axb3 19. Rxa8 Bxa8 20. Bd3 Bd6 21. Bd2 Kc7 22. Ra1 Bb7 23. e3 g6 24. Be2 Kb6 25. Bd1 Ra8 26. Rc1 Rc8 27. Ra1 Ra8 28. Rxa8 Bxa8 29. Bxb3 Kxb5 30. f4 Bc6 31. Kf2 Ka5 32. Bc2 Ba4 33. b3 Bb5 34. g4 f5 35. Kg3 Be7 36. h4 h5 37. gxh5 gxh5 38. Bd1 Be8 39. Be2 Bf7 40. Be1 Be8 41. Kg2 Bf7 42. Bf2 Be8 43. Kf1 Bb5 44. Ke1 Bxe2 45. Kxe2 Kb5 46. Kd3 Bf6 47. Kc2 Be7 48. Kb2 Bf6 49. Be1 Be7 50. Kc2 Bf6 51. Kd3 Be7 52. Ke2 Bf6 53. Kf3 Be7 54. Ke2 Bf6 55. Kf3 Be7 56. Ke2 1/2-1/2


[Site "https://www.chess.com"]

[Event "Titled Tuesday Blitz May 31 Early 2022"]
[White "Ismayil, Malak"]
[Black "Barp, Alberto"]
[WhiteFideId "13412604"]
[BlackFideId "872555"]
[WhiteElo "1879"]
[BlackElo "2229"]
[Result "0-1"]
[Round "04"]
[TimeControl "180+1"]
[Date "2022.06.01"]
[WhiteClock "0:00:06"]
[BlackClock "0:00:05"]

1. e4 e5 2. Nf3 Nc6 3. Bc4 Bc5 4. c3 Nf6 5. d4 exd4 6. e5 d5 7. Bb5 Ne4 8. cxd4 Bb6 9. Nc3 O-O 10. O-O Bg4 11. Be3 Ne7 12. h3 Bh5 13. Be2 f6 14. exf6 Rxf6 15. Ne5 Bxe2 16. Qxe2 Nd6 17. Bg5 Re6 18. Nxd5 Bxd4 19. Nxe7+ Rxe7 20. Bxe7 Qxe7 21. Rae1 Re8 22. Qd3 Bxe5 23. f4 Bd4+ 24. Qxd4 Qxe1 25. Rxe1 Rxe1+ 26. Kf2 Re4 27. Qd5+ Kf8 28. g3 Rc4 29. Qd3 h6 30. Kf3 Rb4 31. b3 Rb6 32. Qd4 a6 33. g4 Rc6 34. f5 Nf7 35. Qb4+ Nd6 36. Qf4 Nf7 37. Qb4+ Nd6 38. h4 b6 39. g5 hxg5 40. hxg5 Rc5 41. Kg4 Rxf5 42. Qc3 Rc5 43. Qf3+ Kg8 44. Qa8+ Kf7 45. Qxa6 Ne4 46. Qf1+ Kg6 47. Qd3 Re5 48. Kf4 Re6 49. Qd5 Kf7 50. g6+ Ke7 51. Qc4 Nc5 52. Qc3 Rf6+ 53. Kg5 Ne4+ 54. Kh5 Nxc3 55. a4 Nb1 56. a5 bxa5 57. b4 axb4 58. Kg5 Nc3 0-1


[Site "https://www.chess.com"]

[Event "Titled Tuesday Blitz May 31 Early 2022"]
[White "Jakubowska, Anna"]
[Black "Kalashian, David"]
[WhiteFideId "1121952"]
[BlackFideId "13302418"]
[WhiteElo "1878"]
[BlackElo "2490"]
[Result "0-1"]
[Round "04"]
[TimeControl "180+1"]
[Date "2022.06.01"]
[WhiteClock "0:00:09"]
[BlackClock "0:00:21"]

1. e4 c6 2. d4 g6 3. Nc3 Bg7 4. a4 d6 5. g3 Nf6 6. Bg2 O-O 7. Nge2 Nbd7 8. O-O e5 9. h3 Re8 10. Be3 exd4 11. Nxd4 Nc5 12. f3 d5 13. exd5 Rxe3 14. dxc6 bxc6 15. Nxc6 Qxd1 16. Raxd1 Ba6 17. Rf2 Re6 18. f4 Bb7 19. Nd4 Rd6 20. b4 Ne6 21. Bxb7 Rad8 22. Ncb5 Nxd4 23. Nxd6 Rxd6 24. Rfd2 Rb6 25. Rxd4 Rxb7 26. b5 Bf8 27. Kg2 Kg7 28. c4 Rc7 29. g4 Bc5 30. Rd8 Be7 31. R8d4 Bc5 32. Rd8 Bb4 33. g5 Nh5 34. R1d4 Bc5 35. Re4 f5 36. Ree8 Nxf4+ 37. Kg3 Nh5+ 38. Kf3 Kf7 39. Rc8 Rd7 40. Red8 Rxd8 41. Rxd8 Ng7 42. Rc8 Ne6 43. h4 Ke7 44. a5 Kd6 45. Rc6+ Kd7 46. Ra6 Bd4 47. Ke2 Nc7 48. Kd3 Nxa6 49. Kxd4 Nc7 50. b6 axb6 51. axb6 Na6 52. Ke5 Kc6 53. Kf6 f4 54. Kg7 f3 55. Kxh7 f2 56. Kxg6 f1=Q 57. h5 Qd3+ 58. Kg7 Qd4+ 59. Kg6 Qd6+ 60. Kg7 Qe7+ 61. Kg6 Nc5 62. h6 Ne6 63. h7 Qg7+ 64. Kf5 Nxg5 0-1


[Site "https://www.chess.com"]

[Event "Titled Tuesday Blitz May 31 Early 2022"]
[White "Jakubowski, Krzysztof"]
[Black "Harsha Bharathakoti"]
[WhiteFideId "1112848"]
[BlackFideId "5078776"]
[WhiteElo "2365"]
[BlackElo "2575"]
[Result "0-1"]
[Round "04"]
[TimeControl "180+1"]
[Date "2022.05.31"]
[WhiteClock "0:00:05"]
[BlackClock "0:00:12"]

1. e4 c6 2. Nf3 d5 3. d3 g6 4. Nbd2 Bg7 5. g3 e5 6. Bg2 Nd7 7. O-O Ne7 8. a4 O-O 9. a5 Qc7 10. b4 a6 11. Bb2 Re8 12. Re1 f6 13. c4 d4 14. c5 Nf8 15. Nc4 Be6 16. Qc2 h5 17. Bc1 Nh7 18. Re2 Rad8 19. Bd2 Rf8 20. Rf1 Kh8 21. Bc1 Ng8 22. Nfd2 Nh6 23. h3 Ng5 24. Kh2 Nh7 25. Nd6 Nf7 26. N2c4 Nxd6 27. Nxd6 Rg8 28. f4 Bf8 29. fxe5 fxe5 30. Nc4 Bg7 31. Ref2 Rdf8 32. Nd6 Rxf2 33. Rxf2 Rf8 34. Qe2 Qd7 35. Bd2 Kg8 36. Rxf8+ Bxf8 37. Nc4 Bxc4 38. dxc4 Nf6 39. Qf3 Be7 40. Kg1 Qe6 41. Bf1 Nh7 42. h4 Nf6 43. Kf2 Ng4+ 44. Ke1 Nf6 45. Kd1 Bf8 46. Kc2 Kh7 47. Kd3 Bh6 48. Bxh6 Kxh6 49. Qf2 Kg7 50. Be2 Qh3 51. b5 Qh1 52. Qf3 Qb1+ 53. Kd2 Nxe4+ 0-1


[Site "https://www.chess.com"]

[Event "Titled Tuesday Blitz May 31 Early 2022"]
[White "Jobava, Baadur"]
[Black "Durarbayli, Vasif"]
[WhiteFideId "13601520"]
[BlackFideId "13402935"]
[WhiteElo "2617"]
[BlackElo "2528"]
[Result "1-0"]
[Round "04"]
[TimeControl "180+1"]
[Date "2022.05.31"]
[WhiteClock "0:00:51"]
[BlackClock "0:00:01"]

1. b3 e5 2. Bb2 Nc6 3. Nf3 e4 4. Nd4 Nf6 5. e3 d5 6. c4 Nxd4 7. Bxd4 Be7 8. Nc3 c6 9. cxd5 cxd5 10. Bb5+ Bd7 11. Bxd7+ Qxd7 12. O-O O-O 13. d3 Qe6 14. Rc1 Rfc8 15. dxe4 dxe4 16. h3 Rc6 17. Nb5 Qd7 18. Bxf6 Qxd1 19. Rfxd1 Bxf6 20. Nd6 Ra6 21. Nxe4 Rxa2 22. Rd7 Bb2 23. Rcd1 Ra1 24. Rxa1 Bxa1 25. Rxb7 a5 26. g4 f6 27. Kg2 a4 28. bxa4 Rxa4 29. Rb8+ Kf7 30. Nd6+ Ke6 31. Nf5 g6 32. Rb6+ Kf7 33. Rb7+ Ke6 34. Ng3 h6 35. Rg7 g5 36. Nf5 Ra2 37. Kf3 Bc3 38. Re7+ Kd5 39. Rd7+ Ke6 40. Rd1 h5 41. Ng7+ Kf7 42. Nxh5 Bb4 43. Ng3 Ba5 44. Nf5 Bb4 45. h4 gxh4 46. Nxh4 Ke6 47. Nf5 Bc5 48. Nd4+ Kf7 49. Ne2 Bb4 50. Nf4 Bd2 51. Rh1 Ba5 52. Rh7+ Kg8 53. Ra7 Ra3 54. Ke4 1-0


[Site "https://www.chess.com"]

[Event "Titled Tuesday Blitz May 31 Early 2022"]
[White "Kaasen, Tor Fredrik"]
[Black "Bortnyk, Olexandr"]
[WhiteFideId "1516647"]
[BlackFideId "14120828"]
[WhiteElo "2335"]
[BlackElo "2723"]
[Result "0-1"]
[Round "04"]
[TimeControl "180+1"]
[Date "2022.05.31"]
[WhiteClock "0:00:14"]
[BlackClock "0:00:25"]

1. Nf3 Nf6 2. g3 b6 3. Bg2 Bb7 4. O-O g6 5. b3 Bg7 6. Bb2 O-O 7. c4 e6 8. Nc3 d5 9. cxd5 exd5 10. d4 Re8 11. Rc1 a6 12. Ne1 Nbd7 13. Nd3 Ne4 14. e3 Rc8 15. Nxe4 dxe4 16. Ne5 Nxe5 17. dxe5 Qe7 18. Rc4 b5 19. Rd4 Qxe5 20. Rxe4 Qxb2 21. Rxe8+ Rxe8 22. Bxb7 Qxa2 23. Qd7 Rf8 24. b4 a5 25. bxa5 Qxa5 26. Rc1 Be5 27. Rc5 Qa1+ 28. Kg2 b4 29. Bd5 Bd6 30. Rb5 Qf6 31. h4 h5 32. Qc6 Kg7 33. Bb3 Rd8 34. Qc4 Re8 35. Rb7 Ra8 36. Qd5 Ra1 37. Rb8 c6 0-1


[Site "https://www.chess.com"]

[Event "Titled Tuesday Blitz May 31 Early 2022"]
[White "Kim, Sergey"]
[Black "Costachi, Mihnea"]
[WhiteFideId "13700570"]
[BlackFideId "1217518"]
[WhiteElo "2582"]
[BlackElo "2476"]
[Result "0-1"]
[Round "04"]
[TimeControl "180+1"]
[Date "2022.05.31"]
[WhiteClock "0:00:05"]
[BlackClock "0:00:14"]

1. d4 a6 2. c4 g6 3. Nc3 Bg7 4. e4 d6 5. Nge2 Nf6 6. Ng3 c5 7. d5 O-O 8. a4 e6 9. Be2 exd5 10. cxd5 h5 11. Bg5 Nbd7 12. O-O Rb8 13. f4 Qe8 14. Qd2 Nh7 15. Bh4 Ndf6 16. h3 b5 17. axb5 axb5 18. e5 dxe5 19. f5 e4 20. Qf4 Bb7 21. Bxb5 Qd8 22. d6 Qb6 23. Bc4 Qxb2 24. fxg6 Qxc3 25. gxh7+ Nxh7 26. Bxf7+ Kh8 27. Be7 Be5 28. Qh4 Rxf7 29. Rxf7 Qxa1+ 30. Nf1 Bd5 31. Rxh7+ Kxh7 32. Qxh5+ Kg8 33. Qg6+ Bg7 34. d7 Qd4+ 35. Kh1 Bc4 36. Qe8+ Kh7 37. Qxb8 Qxd7 38. Bxc5 Qd1 39. Qf4 Qxf1+ 40. Qxf1 Bxf1 41. Kg1 Bc4 42. Kf2 Kg6 43. g4 Kg5 44. Ke3 Bd5 45. Be7+ Kg6 46. h4 Bb2 47. h5+ Kh6 48. Bh4 Bc1+ 49. Kd4 Bc6 50. Bg3 Kg5 51. Bf2 Kxg4 52. Kc5 Be8 53. Kd4 Bc6 54. Kc5 Bd7 55. Kd4 Bf5 56. Ke5 Bb2+ 57. Kd5 Kxh5 58. Be3 Kg4 59. Kc5 Kf3 0-1


[Site "https://www.chess.com"]

[Event "Titled Tuesday Blitz May 31 Early 2022"]
[White "Kvaloy, Aksel Bu"]
[Black "Milanovic, Marko"]
[WhiteFideId "1528815"]
[BlackFideId "980129"]
[WhiteElo "2053"]
[BlackElo "2151"]
[Result "0-1"]
[Round "04"]
[TimeControl "180+1"]
[Date "2022.06.01"]
[WhiteClock "0:00:23"]
[BlackClock "0:00:20"]

1. e4 e5 2. Nf3 Nc6 3. Bb5 a6 4. Ba4 Nf6 5. O-O Be7 6. Re1 b5 7. Bb3 d6 8. c3 O-O 9. h3 Na5 10. Bc2 c5 11. d4 Qc7 12. d5 c4 13. Nbd2 Nb7 14. Nf1 Nc5 15. Ng3 g6 16. b4 cxb3 17. axb3 Bd7 18. b4 Na4 19. Bxa4 bxa4 20. Bb2 Rfc8 21. Nd2 Qb6 22. Ngf1 a5 23. Ba3 axb4 24. Bxb4 Qb5 25. Qc1 Qd3 26. Qa3 Ra6 27. Re3 Qb5 28. c4 Qb7 29. Rc1 Rb6 30. Ba5 Ra6 31. Bb4 Rb8 32. Bc3 Bd8 33. Ree1 Bb6 34. Rb1 Qc7 35. Bb4 Bd4 36. Nf3 Bb6 37. Bxd6 Bxf2+ 38. Kxf2 Rxd6 39. c5 Rxb1 40. Rxb1 Nxe4+ 41. Ke3 Qxc5+ 42. Qxc5 Nxc5 43. Nxe5 Rxd5 44. Nxd7 Rxd7 45. Rb5 Rd3+ 46. Ke2 Rc3 47. Nd2 a3 48. Ra5 Nb3 49. Nb1 Rc2+ 50. Kd3 Nxa5 51. Kxc2 a2 52. Kb2 axb1=Q+ 53. Kxb1 Kg7 54. Kc1 Kf6 55. Kd1 Ke5 56. Ke1 Kf4 57. Kf2 Nc4 58. Kg1 Kg3 59. Kh1 Ne3 60. Kg1 Nxg2 61. Kh1 Kxh3 62. Kg1 Kg3 63. Kh1 h5 64. Kg1 h4 65. Kh1 h3 66. Kg1 f5 67. Kh1 f4 68. Kg1 f3 69. Kh1 Nf4 70. Kg1 g5 71. Kh1 g4 72. Kg1 Kh4 73. Kh1 g3 74. Kg1 g2 75. Kh2 Kg5 76. Kg1 Ne2+ 77. Kh2 g1=Q+ 78. Kxh3 Qg3# 0-1


[Site "https://www.chess.com"]

[Event "Titled Tuesday Blitz May 31 Early 2022"]
[White "Le, Tuan Minh"]
[Black "Molina, Roberto Junio Brito"]
[WhiteFideId "12401153"]
[BlackFideId "2109450"]
[WhiteElo "2450"]
[BlackElo "2432"]
[Result "1/2-1/2"]
[Round "04"]
[TimeControl "180+1"]
[Date "2022.05.31"]
[WhiteClock "0:00:04"]
[BlackClock "0:00:05"]

1. d4 d5 2. Nf3 Nf6 3. Bf4 e6 4. e3 Bd6 5. Nbd2 Bxf4 6. exf4 c5 7. c3 b6 8. Bd3 O-O 9. O-O Ba6 10. Bxa6 Nxa6 11. Qe2 Nb8 12. Rfe1 Qc7 13. g3 Nc6 14. Rad1 Rad8 15. Nf1 Ne4 16. Ne3 Nd6 17. h4 Rfe8 18. Qd3 h6 19. Re2 cxd4 20. cxd4 Rc8 21. Rc2 Qb7 22. Qa3 Red8 23. Rdc1 a5 24. Qb3 Nb4 25. Rxc8 Rxc8 26. Rxc8+ Qxc8 27. a3 Nc6 28. Qxb6 Qb7 29. Qxb7 Nxb7 30. f5 Nd6 31. fxe6 fxe6 32. Kf1 Kf8 33. Ke2 Ke7 34. a4 Ne4 35. Nc2 Kd6 36. Na3 g5 37. Nb5+ Ke7 38. hxg5 hxg5 39. Ke3 Nb4 40. Ne1 Nf6 41. Nc3 Kd6 42. f3 e5 43. dxe5+ Kxe5 44. Nd3+ Nxd3 45. Kxd3 Nd7 46. b3 Nc5+ 47. Kc2 d4 48. Nb1 Kd5 49. Nd2 Na6 50. Nc4 Nb4+ 51. Kd2 Nc6 52. Ke2 Kc5 53. Nd2 Kb4 54. Kd3 Ka3 55. f4 gxf4 56. gxf4 Kb4 57. f5 Kc5 58. Ke4 Kb4 59. Kd3 Kc5 60. f6 Kd5 61. f7 Ne5+ 62. Kc2 Nxf7 63. Nc4 Kc5 64. Nxa5 Nd6 65. Kd3 Kb4 66. Nc4 Nb7 67. Nd2 Kc5 68. Kc2 Na5 69. Nf3 Nc6 70. Ne1 Kb4 71. Nd3+ Ka3 72. Nc5 Nb4+ 73. Kd2 Nc6 74. Kd3 Kb4 75. Ne6 Kxb3 76. Nxd4+ Nxd4 77. a5 Nc6 78. a6 Kb4 79. Ke4 Kb5 80. Kd5 Na7 81. Kd6 Kxa6 1/2-1/2


[Site "https://www.chess.com"]

[Event "Titled Tuesday Blitz May 31 Early 2022"]
[White "Lehtosaari, Mauri"]
[Black "Sarkar, Justin"]
[WhiteFideId "501999"]
[BlackFideId "2010011"]
[WhiteElo "2490"]
[BlackElo "2020"]
[Result "0-1"]
[Round "04"]
[TimeControl "180+1"]
[Date "2022.06.01"]
[WhiteClock "0:00:26"]
[BlackClock "0:00:04"]

1. d4 Nf6 2. Nf3 d5 3. Bg5 Ne4 4. Bf4 Nc6 5. e3 Bg4 6. Be2 e6 7. h3 Bh5 8. a3 Bd6 9. Bxd6 cxd6 10. Nbd2 O-O 11. O-O a6 12. Nxe4 dxe4 13. Nd2 Bxe2 14. Qxe2 d5 15. c4 f5 16. b4 dxc4 17. Qxc4 Qd5 18. Qxd5 exd5 19. Nb3 Kf7 20. Rac1 Rfc8 21. Rc5 Ke6 22. Rfc1 Kd6 23. Na5 Rab8 24. Kf1 Rc7 25. Ke2 Rbc8 26. Nb3 b6 27. R5c2 g5 28. Kd2 h5 29. f3 Ne7 30. Rxc7 Rxc7 31. Rxc7 Kxc7 32. Nc1 h4 33. Ne2 Kd6 34. Nc3 Ng6 35. Na4 exf3 36. gxf3 g4 37. fxg4 fxg4 38. Ke2 gxh3 39. Kf3 Kc6 40. Nc3 Ne7 41. Ne2 Nf5 42. Nf4 h2 43. Kg2 Nxe3+ 44. Kxh2 Nc2 45. Kh3 Nxd4 46. Kxh4 Nc2 47. Nd3 Nxa3 48. Kg5 a5 49. bxa5 bxa5 50. Kf5 a4 51. Ke5 Nc2 52. Nc1 a3 53. Kf4 Kc5 54. Kf3 Nb4 55. Ke3 a2 56. Kd2 Kc4 57. Nxa2 Nxa2 58. Kc2 Nb4+ 59. Kd2 d4 60. Ke2 d3+ 61. Kd2 Kd4 62. Kd1 Ke3 63. Ke1 d2+ 64. Kd1 Nd5 65. Kc2 Ke2 66. Kb2 d1=Q 67. Ka2 Qc2+ 68. Ka1 Qc4 69. Kb2 Qc3+ 70. Kb1 Qb4+ 71. Ka2 Nc3+ 72. Ka1 Qa3# 0-1


[Site "https://www.chess.com"]

[Event "Titled Tuesday Blitz May 31 Early 2022"]
[White "Lianes Garcia, Marcos"]
[Black "Boder, Jan"]
[WhiteFideId "32060777"]
[BlackFideId "16243226"]
[WhiteElo "2310"]
[BlackElo "2064"]
[Result "1-0"]
[Round "04"]
[TimeControl "180+1"]
[Date "2022.06.01"]
[WhiteClock "0:00:32"]
[BlackClock "0:00:15"]

1. e4 c5 2. g3 g6 3. Bg2 Bg7 4. Ne2 Nc6 5. O-O d6 6. c3 h5 7. h3 Bd7 8. d4 Qc8 9. Kh2 Nh6 10. f3 f5 11. Nf4 Kf7 12. Be3 cxd4 13. cxd4 e5 14. Qb3+ Ke8 15. Nxg6 exd4 16. Bf4 Ne7 17. Nxh8 Bxh8 18. Nd2 Nf7 19. Rac1 Qd8 20. Rfe1 Qb6 21. Qd3 Ne5 22. Qb1 Bf6 23. b3 Qa6 24. Nc4 Kf8 25. Bxe5 dxe5 26. Bf1 b5 27. Nb2 Qd6 28. Nd3 fxe4 29. fxe4 Qe6 30. Bg2 Kg7 31. Nc5 Qd6 32. Nxd7 Qxd7 33. Qd3 Rg8 34. Rf1 Kf7 35. Rc5 a6 36. Rxe5 Nc6 37. Rxh5 Rg7 38. e5 Nxe5 39. Rxe5 Rh7 40. Ref5 Rh6 41. Qf3 Qd6 42. Qd5+ Qxd5 43. Rxd5 Kg7 44. Rxf6 Rxf6 45. Rxd4 Rf2 46. a4 Rb2 47. axb5 axb5 48. b4 Kf6 49. Rf4+ Ke5 50. h4 Ke6 51. Kh3 Rb3 52. Kg4 Rc3 53. h5 Rc7 54. Be4 Rg7+ 55. Bg6 Ke5 56. Kg5 Rg8 57. h6 Rd8 58. h7 Rd5 59. Rf5+ Kd6 60. Rxd5+ Kxd5 61. h8=Q Kc4 62. Be8 Kb3 63. Bxb5 Ka3 64. Be8 Kb3 65. b5 Ka3 66. Qd4 Kb3 67. Kf4 Kc2 68. g4 Kc1 69. g5 Kc2 70. Qe3 Kb1 71. Qe2 Kc1 72. g6 Kb1 73. g7 Kc1 74. g8=Q Kb1 75. Qg1# 1-0


[Site "https://www.chess.com"]

[Event "Titled Tuesday Blitz May 31 Early 2022"]
[White "Makarian, Rudik"]
[Black "Tasev, Dejan"]
[WhiteFideId "44105681"]
[BlackFideId "936618"]
[WhiteElo "2419"]
[BlackElo "2253"]
[Result "1-0"]
[Round "04"]
[TimeControl "180+1"]
[Date "2022.06.01"]
[WhiteClock "0:00:17"]
[BlackClock "0:00:05"]

1. d3 Nf6 2. g3 g6 3. Bg2 Bg7 4. f4 O-O 5. Nf3 b6 6. O-O Bb7 7. e4 c5 8. Kh1 d6 9. Nc3 Nc6 10. h3 Ne8 11. g4 Nc7 12. f5 d5 13. Bf4 dxe4 14. dxe4 Nd4 15. e5 gxf5 16. gxf5 Nxf5 17. Qe1 Ne6 18. Rd1 Nxf4 19. Rxd8 Raxd8 20. Nh4 Nxg2 21. Nxg2 Nd4 22. Qh4 Nxc2 23. Ne4 Rd4 24. Rf4 Rxe4 25. Rxe4 Rd8 26. Kh2 Rd2 27. Rg4 Ne3 28. Qxe7 Nxg4+ 29. hxg4 Rxg2+ 30. Kh3 Be4 31. Qd8+ Bf8 32. Qg5+ Bg7 33. Qd8+ Bf8 34. e6 fxe6 35. Qd7 Bd5 36. Qxa7 Rxb2 37. a4 c4 38. Qc7 Rb3+ 39. Kh4 c3 40. Kg5 h6+ 41. Kf6 Bc5 42. Qg7# 1-0


[Site "https://www.chess.com"]

[Event "Titled Tuesday Blitz May 31 Early 2022"]
[White "Maltsevskaya, Aleksandra"]
[Black "Chigaev, Maksim"]
[WhiteFideId "24174041"]
[BlackFideId "4108116"]
[WhiteElo "2235"]
[BlackElo "2457"]
[Result "0-1"]
[Round "04"]
[TimeControl "180+1"]
[Date "2022.05.31"]
[WhiteClock "0:00:01"]
[BlackClock "0:00:21"]

1. e4 e6 2. d4 d5 3. Nc3 Nf6 4. Bg5 h6 5. Bxf6 Qxf6 6. Nf3 Bb4 7. exd5 exd5 8. Bb5+ c6 9. Bd3 O-O 10. Ne5 Nd7 11. Nxd7 Bxd7 12. O-O Rfe8 13. Ne2 Bd6 14. Qd2 Re7 15. Rae1 Rae8 16. Ng3 Bf4 17. Qd1 g6 18. c3 h5 19. Rxe7 Rxe7 20. Re1 h4 21. Nf1 Rxe1 22. Qxe1 Bd6 23. b4 h3 24. g3 b6 25. Qe3 a5 26. a3 Kg7 27. Nd2 Bg4 28. Be2 Bxe2 29. Qxe2 Qf5 30. Nf1 c5 31. bxa5 cxd4 32. cxd4 bxa5 33. a4 Qb1 34. Qa6 Qb4 35. Qc6 Be7 36. Qxd5 Qxa4 37. Qe5+ Bf6 38. Qf4 Qxd4 39. Qc7 a4 40. Qc8 Qe4 0-1


[Site "https://www.chess.com"]

[Event "Titled Tuesday Blitz May 31 Early 2022"]
[White "Manukian, Artak"]
[Black "Kovalev, Vladislav"]
[WhiteFideId "13301373"]
[BlackFideId "13504398"]
[WhiteElo "2550"]
[BlackElo "2530"]
[Result "0-1"]
[Round "04"]
[TimeControl "180+1"]
[Date "2022.06.01"]
[WhiteClock "0:00:03"]
[BlackClock "0:00:09"]

1. e4 e5 2. Nf3 Nc6 3. d4 exd4 4. Nxd4 Nf6 5. Nxc6 bxc6 6. e5 Qe7 7. Qe2 Nd5 8. c4 Nb6 9. b3 a5 10. a4 Qe6 11. Nc3 Bb4 12. Bb2 O-O 13. O-O-O d5 14. exd6 cxd6 15. Qxe6 Bxe6 16. Na2 Bc5 17. Bd4 Nd7 18. Kc2 Rab8 19. Nc1 d5 20. cxd5 Bxd5 21. h4 Rfe8 22. Rh3 Re4 23. Bxc5 Nxc5 24. Rc3 Ne6 25. g3 Reb4 26. Bc4 Bxc4 27. Rxc4 Rxc4+ 28. bxc4 Rb4 29. Kc3 Rxa4 30. Nb3 g6 31. Rd6 Ra2 32. Rxc6 Rxf2 33. Nxa5 Rf3+ 34. Kb4 Rxg3 35. c5 Rg4+ 36. Nc4 Rxh4 37. Rd6 Kf8 38. c6 Ke8 39. Kb5 Rh1 40. Ne5 Rb1+ 41. Ka5 Rc1 42. Kb6 Rb1+ 43. Ka5 Nc7 44. Rd7 Rb5+ 45. Ka4 Rxe5 46. Rxc7 Rc5 47. Kb4 Rc1 48. Kb5 h5 49. Rc8+ Ke7 50. c7 Kd7 51. Rf8 Kxc7 52. Rxf7+ Kd8 53. Rg7 Rg1 54. Kc6 Ke8 55. Kd6 Kf8 56. Ra7 Re1 57. Ra6 Kg7 58. Kd5 Kh6 59. Ra8 Kg5 60. Kd4 Re7 61. Kd3 h4 0-1


[Site "https://www.chess.com"]

[Event "Titled Tuesday Blitz May 31 Early 2022"]
[White "Matinian, Nikita"]
[Black "Oparin, Grigoriy"]
[WhiteFideId "24129100"]
[BlackFideId "24125890"]
[WhiteElo "2422"]
[BlackElo "2665"]
[Result "1/2-1/2"]
[Round "04"]
[TimeControl "180+1"]
[Date "2022.05.31"]
[WhiteClock "0:00:04"]
[BlackClock "0:00:09"]

1. e4 c5 2. Nc3 Nc6 3. Bb5 Nd4 4. Nf3 e6 5. O-O a6 6. Bd3 b5 7. Nxd4 cxd4 8. Ne2 Bc5 9. c3 dxc3 10. dxc3 Ne7 11. e5 Bb7 12. Nd4 d6 13. Qh5 dxe5 14. Nxe6 Qxd3 15. Nxc5 Qd5 16. Nxb7 Qxb7 17. Qxe5 f6 18. Qh5+ Ng6 19. Re1+ Kf7 20. Qd1 Rhd8 21. Qb3+ Qd5 22. Be3 Ne5 23. Qxd5+ Rxd5 24. a4 Nc4 25. axb5 Rxb5 26. b4 Nxe3 27. Rxe3 a5 28. h4 h5 29. Rd3 Re5 30. Rd7+ Kg6 31. Rxa5 Rexa5 32. bxa5 Rxa5 33. Rc7 Ra2 34. g3 Rc2 35. Kg2 Kf5 36. Kf3 g5 37. Rc5+ Kg6 38. Ke3 gxh4 39. gxh4 Rc1 40. Rc4 Kf5 41. Kd2 Rf1 42. Ke2 Rc1 43. Kf3 Rh1 44. Kg2 Rc1 45. Rc5+ Kg4 46. Rc4+ Kf5 47. Kg3 Rg1+ 48. Kf3 Rc1 49. Rc5+ Kg6 50. c4 Rc3+ 51. Kf4 Rh3 52. Rc8 Rxh4+ 53. Kg3 Rd4 54. c5 Kg5 55. c6 Rd3+ 56. Kg2 Rc3 57. c7 Kf5 58. f3 h4 59. Kf2 Kf4 60. Kg1 f5 61. Kg2 Rc1 62. Kh3 Rc2 63. Rf8 Rxc7 64. Rf6 Rc3 65. Kg2 Rc2+ 66. Kh3 Rf2 67. Rf8 Rxf3+ 68. Kxh4 Re3 69. Rf7 Ra3 70. Rf8 Ke4 71. Kg5 Rg3+ 72. Kh4 f4 73. Ra8 Rd3 74. Kg4 Rg3+ 75. Kh4 Rd3 76. Kg4 f3 77. Kg3 Ke3 78. Re8+ Kd2 79. Kf2 Kc2 80. Rf8 Kd2 81. Rxf3 Rxf3+ 82. Kxf3 1/2-1/2


[Site "https://www.chess.com"]